 Dungeon Crawl Stone Soup version 0.20-a0-303-g575bbf7 (webtiles) character file.

17572 Leszczynek the Basher (level 12, -19/154 HPs)
             Began as a Minotaur Wanderer on Dec 17, 2016.
             Was an Elder of Elyvilon.
             Demolished by a titan skeleton (30 damage)
             ... on level 1 of the Abyss.
             The game lasted 00:41:45 (12765 turns).

Leszczynek the Basher (Minotaur Wanderer)          Turns: 12765, Time: 00:41:46

Health: -19/154    AC: 26    Str: 24    XL:     12   Next: 20%
Magic:  0/11       EV:  2    Int: 12    God:    Elyvilon [****..]
Gold:   335        SH: 12    Dex: 10    Spells: 10/11 levels left

rFire  . . .     SeeInvis .     u - +2 broad axe (elec)
rCold  + . .     Gourm    .     (armour currently unavailable)
rNeg   + + +     Faith    .     b - +0 shield
rPois  +         Spirit   +     (helmet currently unavailable)
rElec  .         Reflect  .     (cloak currently unavailable)
rCorr  .         Harm     .     (gloves currently unavailable)
MR     .....     NoTele   +     (boots currently unavailable)
Stlth  ++........               v - amulet of guardian spirit
                                k - +4 ring of evasion
                                I - ring of protection from cold

@: mighty, tree-form (expiring)
A: (retaliatory headbutt), (horns 0), wild magic 1
a: Lesser Healing, Heal Other, Purification, Greater Healing, Divine Protection,
Renounce Religion


You were on level 1 of the Abyss.
You worshipped Elyvilon.
Elyvilon was greatly pleased with you.
You were not hungry.
You were a tree.
You visited 2 branches of the dungeon, and saw 14 of its levels.
You visited the Abyss 1 time.

You collected 830 gold pieces.
You spent 495 gold pieces at shops.

Inventory:

Hand Weapons
 a - a +1 battleaxe
 u - a +2 broad axe of electrocution (weapon)
 z - a +0 morningstar
Missiles
 l - 7 javelins of penetration
 m - 3 javelins (quivered)
 L - 22 tomahawks
Armour
 b - a +0 shield (worn)
 g - a +2 pair of gloves (melded)
 j - a +3 scale mail (melded)
 y - a +1 cloak (melded)
Jewellery
 k - a +4 ring of evasion (right branch)
 v - an amulet of guardian spirit (around neck)
 I - a ring of protection from cold (left branch)
 J - a +3 ring of evasion
Scrolls
 e - 3 scrolls of remove curse
 n - a scroll of fear {unknown}
 s - 2 scrolls of recharging
 x - 3 scrolls of identify
 B - 4 scrolls of enchant armour
 K - 2 scrolls of magic mapping
 M - a scroll of blinking
Potions
 c - a potion of cancellation
 i - a potion of invisibility
 w - 2 potions of magic
 E - 2 potions of flight
Comestibles
 d - 5 bread rations
 h - 8 royal jellies
 r - 2 beef jerkies
 C - 10 fruits
 D - 4 meat rations
 H - a slice of pizza


   Skills:
 - Level 8.3 Fighting
 - Level 13.3(15.5) Axes
 - Level 13.7(15.7) Maces & Flails
 - Level 6.0 Armour
 - Level 5.6 Dodging
 - Level 1.5 Stealth
 * Level 9.6 Shields


You had 10 spell levels left.
You knew the following spells:

 Your Spells              Type           Power        Failure   Level  Hunger
a - Apportation           Tloc           #.........   77%         1    ##.....


Dungeon Overview and Level Annotations

Branches:
Dungeon (13/15)            Temple (1/1) D:6            Lair (0/6) D:8
    Orc (0/2) D:10
 Vaults: D:13-14

Altars:
Ashenzari
Cheibriados
Dithmenos
Elyvilon
Fedhas
Gozag
Hepliaklqana
Kikubaaqudgha
Makhleb
Nemelex Xobeh
Okawaru
Qazlal
Ru
Sif Muna
Trog
Uskayaw
Vehumet
Xom
Yredelemnul
Zin
The Shining One

Shops:
D:6 ![*   D:10 (   D:11 *

Annotations:
D:4 Eustachio
D:12 Sonja


Innate Abilities, Weirdness & Mutations

((You reflexively headbutt those who attack you in melee.))
((You have a pair of horns on your head.))
Your spells are a little harder to cast, but a little more powerful.


Message History

You block the ancient zyme's attack. The ancient zyme hits you.
* * * LOW HITPOINT WARNING * * *
You feel ill.
Unknown command.
You slash the ancient zyme!
You destroy the ancient zyme!
You feel the corruption within you wane completely.
You feel more energetic. x2
You slash the starcursed mass!
The starcursed mass shudders and withdraws towards its neighbour.
A chorus of shrieks assaults your mind. Elyvilon protects you from harm!
Unknown command.
Unknown command.
You feel better. You block the titan skeleton's attack.
Unknown command.
You hit the titan skeleton.
The titan skeleton is lightly damaged.
The titan skeleton hits you!!
You die...

. .#.
..... # #
...# #.
## H# ..#
##.. #3
..
#3.###.##
# .§ ##.#
. .
3##(X# #
#. ##ZX#
. #.
#♣.#.#
#.Z. .
#X###..#
## ....5
....# .
##. §H#
.#.. #
.#(. #
#.#.. ..
. . .#..
...
.......##
# .## #
x#.. . #
. . .# #


You could see 2 starcursed masses and a titan skeleton.

Vanquished Creatures
  A hydra (D:11)
  A centaur warrior (D:8)
  A death knight (D:8)
  A thrashing horror (Abyss:1)
  A wretched star (Abyss:1)
  A sixfirhy (Abyss:1)
  A glowing orange brain (D:8)
  Pikel (D:7)
  A deep elf mage (D:13)
  An ugly thing (D:11)
  An apocalypse crab (Abyss:1)
  A large abomination (Abyss:1)
  2 centaur skeletons
  2 komodo dragons (D:8)
  An ancient zyme (Abyss:1)
  2 trolls
  A polar bear (shapeshifter) (Abyss:1)
  A queen bee (D:9)
  A hornet (D:8)
  3 hippogriffs
  A centaur simulacrum (D:11)
  A small abomination (Abyss:1)
  A hungry ghost (D:12)
  A vampire (D:12)
  5 wyverns
  A warg (shapeshifter) (Abyss:1)
  A steam dragon (D:8)
  A soldier ant (D:12)
  3 slaves (D:7)
  A sky beast (shapeshifter) (Abyss:1)
  2 necrophages
  2 black bears
  7 orc warriors
  3 ice beasts
  5 ogres
  3 phantoms
  An eye of draining (D:8)
  The ghost of Armakuni the Charmwright, an amateur HuSk (D:3)
  6 centaurs
  A crocodile (D:8)
  3 big kobolds
  6 bullfrogs
  A wyvern zombie (D:10)
  3 scorpions
  3 wyvern skeletons
  23 killer bees
  A water moccasin skeleton (D:12)
  3 howler monkeys
  5 crimson imps
  4 bullfrog zombies
  A quasit (D:9)
  7 starcursed masses (Abyss:1)
  5 hounds
  2 jellies
  11 orc priests
  2 bullfrog skeletons
  2 iguanas
  10 orc wizards
  Natasha (thrice) (D:4)
  11 worker ants
  A howler monkey zombie (D:5)
  A hound skeleton (D:9)
  Robin (D:2)
  10 adders
  8 gnolls
  2 shadow imps
  A white imp (Abyss:1)
  An ufetubus (Abyss:1)
  An ooze (D:2)
  3 adder skeletons
  2 worms
  4 dart slugs (D:1)
  6 leopard geckos
  63 orcs
  8 giant cockroaches
  19 goblins
  6 hobgoblins
  9 jackals
  A quokka (D:4)
  2 ball pythons
  13 bats
  4 frilled lizards
  25 kobolds
  A leopard gecko zombie (D:6)
  4 quokka zombies
  6 rats
380 creatures vanquished.

Vanquished Creatures (others)
  A slave (D:7)
  10 starspawn tentacles (Abyss:1)
11 creatures vanquished.

Grand Total: 391 creatures vanquished

Notes
Turn   | Place    | Note
-------+----------+-------------------------------------------
     0 | D:1      | Leszczynek the Minotaur Wanderer began the quest for the Orb.
     0 | D:1      | Leszczynek set off with: a +2 scale mail, a +0 shortbow, 18 arrows, a bread ration, a +0 dagger, a +0 spear
     0 | D:1      | Reached XP level 1. HP: 19/19 MP: 0/0
     0 | D:1      | well, let's get this out of the way, shall we
     0 | D:1      | stats 15/12/7 (+3/+7/+2)
   124 | D:1      | Reached skill level 4 in Fighting
   280 | D:1      | Reached XP level 2. HP: 28/28 MP: 1/1
   733 | D:1      | Reached skill level 5 in Fighting
   733 | D:1      | Reached XP level 3. HP: 24/36 MP: 2/2
   841 | D:2      | Reached skill level 1 in Maces & Flails
   904 | D:2      | Reached skill level 2 in Maces & Flails
   944 | D:2      | Reached XP level 4. HP: 42/42 MP: 3/3
  1054 | D:2      | Noticed Robin
  1081 | D:2      | Reached skill level 3 in Maces & Flails
  1196 | D:2      | fucking tease
  1196 | D:2      | cursed -3
  1196 | D:2      | white item ofc
  1300 | D:2      | Killed Robin
  1300 | D:2      | Reached skill level 4 in Maces & Flails
  1753 | D:3      | Reached XP level 5. HP: 47/48 MP: 4/4
  1925 | D:3      | Learned a level 1 spell: Apportation
  2033 | D:3      | Noticed Armakuni's ghost (amateur HuSk)
  2051 | D:3      | Killed Armakuni's ghost
  2051 | D:3      | Reached skill level 5 in Maces & Flails
  2249 | D:4      | Noticed Eustachio
  2610 | D:4      | Reached skill level 6 in Maces & Flails
  2610 | D:4      | Reached XP level 6. HP: 50/56 MP: 3/5
  2636 | D:4      | Noticed Natasha
  2639 | D:4      | Killed Natasha
  2650 | D:4      | Noticed Natasha
  2661 | D:4      | Killed Natasha
  2816 | D:4      | Noticed Natasha
  2842 | D:4      | Killed Natasha
  3337 | D:5      | Entered Level 5 of the Dungeon
  3378 | D:5      | Reached skill level 7 in Maces & Flails
  3742 | D:5      | Reached XP level 7. HP: 58/61 MP: 6/6
  3751 | D:5      | Reached skill level 8 in Maces & Flails
  4048 | D:5      | Found a shimmering altar of Xom.
  4055 | D:5      | Reached skill level 9 in Maces & Flails
  4407 | D:6      | Found Loaga's Antique Armour Emporium.
  4411 | D:6      | Bought an embroidered cloak for 252 gold pieces
  4460 | D:6      | Reached skill level 10 in Maces & Flails
  4485 | D:6      | Reached XP level 8. HP: 65/68 MP: 7/7
  4710 | D:6      | Found Peicoam's General Store.
  4793 | D:6      | Found Kunueqar's Distillery.
  4984 | D:6      | Found a deep blue altar of Sif Muna.
  5024 | D:6      | Found a staircase to the Ecumenical Temple.
  5035 | Temple   | Entered the Ecumenical Temple
  5138 | Temple   | Became a worshipper of Elyvilon the Healer
  5254 | D:7      | Reached skill level 11 in Maces & Flails
  5369 | D:7      | Noticed Pikel
  5583 | D:7      | Reached skill level 1 in Dodging
  6036 | D:7      | Reached skill level 2 in Dodging
  6106 | D:7      | Reached skill level 6 in Fighting
  6153 | D:7      | Killed Pikel
  6153 | D:7      | Reached skill level 12 in Maces & Flails
  6153 | D:7      | Reached skill level 3 in Dodging
  6153 | D:7      | Reached XP level 9. HP: 69/78 MP: 8/8
  6557 | D:7      | Reached skill level 7 in Fighting
  6557 | D:7      | Reached skill level 4 in Dodging
  6613 | D:8      | Reached * piety under Elyvilon
  6661 | D:7      | Reached skill level 13 in Maces & Flails
  6840 | D:8      | Found a large runed door.
  6840 | D:8      | Noticed a death knight
  6844 | D:8      | hmmmmmmm
  6953 | D:7      | Reached skill level 5 in Dodging
  7106 | D:8      | Killed a death knight
  7106 | D:8      | Reached skill level 8 in Fighting
  7106 | D:8      | Reached XP level 10. HP: 44/88 MP: 1/9
  7362 | D:8      | Paralysed by a hornet for 2 turns
  7366 | D:8      | Reached skill level 2 in Axes
  7765 | D:8      | Reached skill level 3 in Axes
  7808 | D:8      | Reached skill level 4 in Axes
  7856 | D:8      | Reached skill level 5 in Axes
  8035 | D:8      | Reached skill level 6 in Axes
  8062 | D:8      | Found a staircase to the Lair.
  8253 | D:8      | Found a large runed door.
  8267 | D:8      | Noticed a centaur warrior
  8270 | D:8      | Noticed a glowing orange brain
  8292 | D:8      | Killed a glowing orange brain
  8292 | D:8      | Reached skill level 7 in Axes
  8295 | D:8      | Killed a centaur warrior
  8295 | D:8      | Reached skill level 9 in Axes
  8296 | D:8      | Found a hide-covered altar of Uskayaw.
  8532 | D:8      | Found a blossoming altar of Fedhas.
  8760 | D:9      | Reached ** piety under Elyvilon
  8852 | D:9      | Reached skill level 10 in Axes
  9142 | D:9      | Reached XP level 11. HP: 88/95 MP: 10/10
  9271 | D:10     | Entered Level 10 of the Dungeon
  9448 | D:10     | Reached skill level 11 in Axes
  9753 | D:10     | Found a staircase to the Orcish Mines.
  9893 | D:10     | Found Dozula's Weapon Boutique.
  9986 | D:10     | Reached *** piety under Elyvilon
 10343 | D:11     | Noticed an eight-headed hydra
 10357 | D:11     | Killed an eight-headed hydra
 10357 | D:11     | Reached skill level 12 in Axes
 10705 | D:11     | Reached skill level 13 in Axes
 10746 | D:11     | Found Eciolomp's General Store.
 10779 | D:11     | Bought a scroll of blinking for 135 gold pieces
 10785 | D:11     | Gained mutation: Your spells are a little harder to cast, but a little more powerful. [potion of beneficial mutation]
 10833 | D:11     | Identified a scroll of acquirement
 10837 | D:11     | okay
 10950 | D:6      | Bought a shield for 108 gold pieces
 11042 | D:11     | Reached skill level 1 in Shields
 11182 | D:11     | Noticed a red ugly thing
 11188 | D:11     | Killed a red ugly thing
 11188 | D:11     | Reached skill level 2 in Shields
 11215 | D:11     | You fall through a shaft for 2 floors!
 11442 | D:13     | Reached skill level 3 in Shields
 11463 | D:13     | Noticed a deep elf mage
 11528 | D:13     | Killed a deep elf mage
 11528 | D:13     | Reached skill level 4 in Shields
 11793 | D:13     | Reached skill level 5 in Shields
 11957 | D:12     | Reached **** piety under Elyvilon
 11988 | D:12     | Reached skill level 6 in Shields
 12047 | D:12     | Noticed Sonja
 12048 | D:12     | shieeeeeeeet
 12048 | D:12     | no wands lol
 12048 | D:12     | literally zero
 12048 | D:12     | d:12
 12056 | D:12     | Cast into level 1 of the Abyss (Sonja)
 12056 | Abyss:1  | Found a corrupted altar of Lugonu.
 12174 | Abyss:1  | Noticed a tentacled starspawn
 12179 | Abyss:1  | Noticed a tentacled starspawn
 12262 | Abyss:1  | Noticed a wretched star
 12274 | Abyss:1  | Reached skill level 7 in Shields
 12287 | Abyss:1  | Killed a wretched star
 12287 | Abyss:1  | Reached XP level 12. HP: 18/92 MP: 1/8
 12442 | Abyss:1  | Reached skill level 8 in Shields
 12613 | Abyss:1  | Noticed a rakshasa
 12683 | Abyss:1  | Noticed a tentacled starspawn
 12720 | Abyss:1  | Noticed a starcursed mass
 12748 | Abyss:1  | HP: 14/154 [starcursed mass/accursed screaming (4)]
 12751 | Abyss:1  | Reached skill level 9 in Shields
 12751 | Abyss:1  | HP: 1/154 [warg (shapeshifter) (8)]
 12762 | Abyss:1  | HP: 10/154 [starcursed mass/accursed screaming (8)]
 12763 | Abyss:1  | Elyvilon protects you from harm!
 12765 | Abyss:1  | Demolished by a titan skeleton

Vault maps used:
D:1:      matt_arrival_spirals
D:2:      minmay_split_cup_large, uniq_robin
D:4:      uniq_natasha, uniq_eustachio
D:5:      kennysheep_mini, first_bread
D:6:      corexii_shack_village, serial_shops, shop, shop, shop, basic_altar
D:7:      uniq_pikel
D:8:      erik_lair_dragon, jmf_multi_god_temple2
D:10:     david_orc_3, serial_shops, shop_fountains, david_nohive_1
D:11:     lemuel_ice_spiral_2, serial_shops, nicolae_shop_window_shopping,
          lightli_orcish_oven
D:12:     uniq_sonja
D:13:     uniq_maurice
Temple:   regret_index_temple_chain_breaker

Skill      XL: |  1  2  3  4  5  6  7  8  9 10 11 12 |
---------------+-------------------------------------+-----
Fighting       | 4 5 6 8 |  8.3
Maces & Flails | 2 4 6 7 10 12 13 | 13.7
Dodging        | 3 5 |  5.6
Axes           | 10 13 | 13.3
Shields        | 7 9 |  9.6
Armour         | |  6.0
Stealth        | |  1.5

Action                   |  1- 3 |  4- 6 |  7- 9 | 10-12 || total
-------------------------+-------+-------+-------+-------++-------
Melee: Spear             |    93 |    36 |       |       ||   129
       Headbutt          |     7 |    43 |    60 |    84 ||   194
       Dire flail        |       |   235 |   211 |       ||   446
       Flail             |       |     9 |       |       ||     9
       Morningstar       |       |       |   208 |   392 ||   600
       Broad axe         |       |       |       |   156 ||   156
       Battleaxe         |       |       |       |    35 ||    35
Throw: Javelin           |       |       |     2 |     8 ||    10
Invok: Purification      |       |       |       |     1 ||     1
  Use: Scroll            |       |    12 |     4 |    14 ||    30
       Potion            |       |       |     4 |    13 ||    17
  Eat: Chunk             |       |     9 |    11 |    17 ||    37
       Pizza             |       |       |       |     2 ||     2
Armor: Scale mail        |    41 |   152 |   159 |   210 ||   562
       Skin              |       |       |       |    24 ||    24
Dodge: Dodged            |    36 |   102 |   267 |   503 ||   908
Block: Shield            |       |       |       |    49 ||    49
